AoeStats
← kriket

Arena

509684448Analyzed
4v4 RM · 4d ago on Sep 27, 2026· 27m 28s· 8 players
Game mode
Random Map
Map size
Large (8 player)
Population
200
Speed
Normal
Resources
Standard
Victory
Conquest
Starting age
Dark Age
Ending age
Imperial Age
RankedLock teamsTeams togetherTeam positionsShared explorationLock speedFull tech treeHidden civsTurbo modeCheats
Victory
Defeat
🇷🇺 Wu · Russia
1104
+13
🇷🇺 Bengalis · Russia
1098
+13
🇧🇷 Magyars · Brazil
1095
+13
🇧🇷 Goths · Brazil
965
+19
🇲🇽 Teutons · Mexico
1075
-16
🇺🇸 Persians · United States
1045
-15
🇬🇷 Mongols · Greece
1014
-14
🇪🇸 Britons · Spain
991
-13
untouchable0627
0:52 Loom
11:24 Feudal Age
11:52 Double-Bit Axe
11:48 Horse Collar
11:56 Town Watch
13:46 Wheelbarrow
16:14 Bloodlines
16:21 Arson
17:22 Fletching
17:32 Padded Archer Armor
18:22 Stone Mining
22:53 Castle Age
Huge.Master
9:08 Loom
11:46 Feudal Age
15:57 Castle Age
14:41 Double-Bit Axe
14:38 Horse Collar
20:41 Stone Mining
24:42 Gold Mining
Danzer
11:31 Feudal Age
13:41 Horse Collar
13:52 Double-Bit Axe
16:25 Castle Age
14:56 Loom
16:09 Fletching
16:15 Gold Mining
17:15 Crossbowman
Yololo_11
7:20 Loom
9:29 Loom
11:19 Feudal Age
15:38 Castle Age
13:29 Double-Bit Axe
14:31 Horse Collar
16:24 Wheelbarrow
16:27 Gold Mining
17:45 Town Watch
24:19 Husbandry
Sinbad
10:15 Feudal Age
14:12 Castle Age
12:35 Double-Bit Axe
12:50 Horse Collar
15:29 Bow Saw
22:22 Loom
24:03 Wheelbarrow
24:51 Town Watch
25:22 Gold Mining
26:37 Heavy Plow
27:13 Hand Cart
30:35 Imperial Age
Kratos
11:32 Feudal Age
15:25 Castle Age
14:33 Double-Bit Axe
17:25 Wheelbarrow
22:18 Loom
26:04 Gold Mining
26:32 Pikeman
27:28 Scale Mail Armor
27:43 Horse Collar
kriket
6:03 Loom
12:20 Feudal Age
14:03 Arson
17:20 Castle Age
15:50 Scale Mail Armor
16:04 Gold Mining
16:05 Double-Bit Axe
18:55 Forging
23:05 Squires
23:24 Chain Mail Armor
26:50 Stone Mining
27:38 Bow Saw
Sussy_Floppa
11:21 Feudal Age
9:41 Loom
14:59 Castle Age
12:55 Double-Bit Axe
14:31 Fletching
23:03 Bodkin Arrow
26:06 Forging
25:57 Padded Archer Armor
27:33 Wheelbarrow
Connection lost

Rejoining the realm…

Still unreachable

The connection could not be restored.

Session expired

The server has moved on; the page needs a fresh start.